 Dungeon Crawl Stone Soup version 0.14-a0-2810-g474977d (webtiles) character file.

108 Psiweapon the Bolt Thrower (level 3, -3/20 HPs)
             Began as a Kobold Hunter on Feb 26, 2014.
             Slain by an adder (4 damage)
             ... on Level 2 of the Dungeon.
             The game lasted 00:05:56 (1417 turns).

Psiweapon the Bolt Thrower (Kobold Hunter)          Turns: 1417, Time: 00:05:56

HP  -3/20        AC  3     Str 11      XL: 3   Next: 40%
MP   3/3         EV 13     Int 14      God:
Gold 77          SH  0     Dex 16      Spells:  0 memorised,  2 levels left

rFire  . . .     SeeInvis .     a - +0 short sword
rCold  . . .     Clarity  .     d - +0 leather armour
rNeg   . . .     Conserve .     (no shield)
rPois  .         rCorr    .     (no helmet)
rElec  .         rRot     .     (no cloak)
SustAb . .       Spirit   .     (no gloves)
rMut   .         Warding  .     (no boots)
Saprov + + .     Stasis   .     w - amulet of rage
MR     +....                    l - +5 ring of intelligence
                                g - ring of protection from magic {unknown}

@: mildly poisoned, somewhat resistant to hostile enchantments, fairly stealthy
A: disease resistance, carnivore 3, saprovore 2
a: Evoke Berserk Rage


You were on level 2 of the Dungeon.
You were completely stuffed.

You visited 1 branch of the dungeon, and saw 2 of its levels.

You collected 77 gold pieces.

Inventory:

Hand weapons
 a - a +0,+0 short sword (weapon)
 b - a +1,+1 crossbow
 e - a +0,+0 short sword
Missiles
 c - 19 bolts
Armour
 d - a +0 leather armour (worn)
Comestibles
 f - a meat ration
 p - a rotting chunk of bat flesh
 r - a rotting chunk of goblin flesh
 t - a chunk of bat flesh
 u - a chunk of rat flesh
 v - a chunk of rat flesh
Scrolls
 h - 4 scrolls of identify {unknown}
 i - a scroll of blinking {unknown}
 j - a scroll of curse weapon {unknown}
 k - a scroll of teleportation {unknown}
 m - 2 scrolls of remove curse {unknown}
 n - a scroll of enchant weapon I {unknown}
Jewellery
 g - a ring of protection from magic (left hand) {unknown}
 l - a +5 ring of intelligence (right hand)
 w - an amulet of rage (around neck)
Potions
 o - a potion of flight {unknown}
 q - a potion of resistance {unknown}
 s - a potion of curing {unknown}


   Skills:
 - Level 1.1 Fighting
 * Level 1.6 Short Blades
 + Level 5.7 Crossbows
 - Level 2.4 Dodging
 + Level 1.5 Stealth


You had 2 spell levels left.
You didn't know any spells.

Dungeon Overview and Level Annotations

Branches:
Dungeon (2/16)

Altars:
Nemelex Xobeh


Innate Abilities, Weirdness & Mutations

You recuperate from illness quickly.
You are small and have problems with some larger weapons.
You are carnivorous and can eat meat at any time.
You can eat rotten meat.


Message History

The adder is severely wounded.
The adder closely misses you. The kobold hits you.
* * * LOW HITPOINT WARNING * * *
The adder barely misses you.
You hit the adder but do no damage.
The adder is severely wounded.
The kobold hits you.
* * * LOW HITPOINT WARNING * * *
The adder misses you.
You barely miss the adder.
The adder is severely wounded.
The adder misses you. The kobold hits you.
* * * LOW HITPOINT WARNING * * *
You hit the adder but do no damage.
The adder is severely wounded.
The adder barely misses you. The kobold barely misses you.
You closely miss the adder.
The adder is severely wounded.
The adder barely misses you. The kobold barely misses you. The adder bites you.
You die...

.#.####.##..)..#######
...............#
.....##.##.....# ##..
#.##.....# #..
#.##<....# ####### #
#.##.....# (......
#.#####..##......?
#.##......#K......#
#.##......@Sb.....# .
#..<...#########
#......# ......... .
#........ .. ......##
... .....> ... .....
.(. .


You could see an adder, a bat and a kobold.

Vanquished Creatures
  2 giant cockroaches (D:1)
  2 hobgoblins (D:1)
  7 kobolds (D:1)
  6 bats
  3 giant newts
  7 goblins
  2 rats (D:2)
29 creatures vanquished.

Notes
Turn   | Place    | Note
--------------------------------------------------------------
     0 | D:1      | Psiweapon, the Kobold Hunter, began the quest for the Orb.
     0 | D:1      | Reached XP level 1. HP: 12/12 MP: 1/1
   154 | D:1      | Reached skill level 5 in Crossbows
   476 | D:1      | Reached skill level 1 in Short Blades
   476 | D:1      | Reached XP level 2. HP: 16/16 MP: 2/2
   574 | D:1      | Found a sparkling altar of Nemelex Xobeh.
  1001 | D:1      | Reached XP level 3. HP: 20/20 MP: 3/3
  1415 | D:2      | HP: 1/20 [kobold (1)]
  1417 | D:2      | Slain by an adder

Action                   || total
-------------------------++-------
Melee: Short sword       ||   109
 Fire: Crossbow          ||    11
